 Dungeon Crawl Stone Soup version 0.23-a0-677-g07611c5 (console) character file.

25 Duffy the Firebug (level 2, -9/19 HPs)
             Began as a Demonspawn Fire Elementalist on Jan 9, 2019.
             Mangled by Terence
             ... wielding a +3 hand axe of electrocution
              (12 damage)
             ... on level 3 of the Dungeon.
             The game lasted 00:00:37 (857 turns).

Duffy the Firebug (Demonspawn Fire Elementalist)     Turns: 857, Time: 00:00:37

Health: -9/19      AC:  2    Str:  8    XL:     2   Next: 82%
Magic:  0/5        EV: 12    Int: 16    God:
Gold:   38         SH:  0    Dex: 13    Spells: 4/5 levels left

rFire    . . .     SeeInvis +   (no weapon)
rCold    . . .     Gourm    .   (no shield)
rNeg     . . .     Faith    .   a - +0 robe
rPois    .         Spirit   .   (no helmet)
rElec    .         Reflect  .   (no cloak)
rCorr    .         Harm     .   (no gloves)
MR       .....                  (no boots)
Stlth    ++........             (no amulet)
HPRegen  0.06/turn              f - ring of see invisible
MPRegen  0.09/turn              (no ring)

@: no status effects
A: hooves 1
a: no special abilities


You were on level 3 of the Dungeon.
You were not hungry.

You visited 1 branch of the dungeon, and saw 3 of its levels.

You collected 38 gold pieces.

Inventory:

Armour
 a - a +0 robe (worn)
Jewellery
 f - a ring of see invisible (left hand)
Scrolls
 e - a scroll of enchant weapon {unknown}
 g - a scroll of amnesia {unknown}
 h - a scroll of magic mapping {unknown}
Potions
 d - a potion of heal wounds {unknown}
Comestibles
 b - 2 chunks of flesh
 c - 2 rations


   Skills:
 - Level 1.7 Dodging
 - Level 1.7 Stealth
 + Level 2.1 Spellcasting
 + Level 2.5 Conjurations
 + Level 2.8 Fire Magic


You had 4 spell levels left.
You knew the following spells:

 Your Spells              Type           Power        Failure   Level  Hunger
h - Flame Tongue          Conj/Fire      ##...        7%          1    #......

Your spell library contained the following spells:

 Spells                   Type           Power        Failure   Level  Hunger
 Throw Flame              Conj/Fire      ##....       11%         2    ###....
 Conjure Flame            Conj/Fire      ##......     21%         3    ###....
 Inner Flame              Hex/Fire       #.......     34%         3    ###....
 Sticky Flame             Conj/Fire      ##......     56%         4    #####..
 Fireball                 Conj/Fire      ##........   88%         5    ######.


Dungeon Overview and Level Annotations

Branches:
Dungeon (3/15)

Altars:

Annotations:
D:3 Terence


Innate Abilities, Weirdness & Mutations

You have large cloven feet.


Message History

A giant cockroach comes into view.
Terence hits you with a +3 hand axe of electrocution.
Casting: Flame Tongue (safe; 7% risk of failure)
Confirm with . or Enter, or press ? or * to list all spells.
You don't have enough magic to cast that spell.
Casting: Flame Tongue (safe; 7% risk of failure)
Confirm with . or Enter, or press ? or * to list all spells.
You don't have enough magic to cast that spell.
Terence asks, "Do you want it fast or slow?"
Casting: Flame Tongue (safe; 7% risk of failure)
Confirm with . or Enter, or press ? or * to list all spells.
Aiming: Flame Tongue (safe; 7% risk of failure)
Press: ? - help, Shift-Dir - straight line, f/p - Terence
Aim: Terence, wielding a +3 hand axe of electrocution and wearing a +0 scale The flame tongue hits Terence.
Terence appears unharmed.
Terence is almost dead.
Terence hits you with a +3 hand axe of electrocution.
You are electrocuted!
Ouch! That really hurt!
You die...

#...# #...# .# #...#
.# #...# .#
#.%.########.#
#...#........# #
###<.......##..#s##..
#....##.##.##.......#
<....#......@.##s#
#.##....##)..@.#.# #
####.##.##.s#.#
#.##.......#
#.....<..###
######...# #.......##
#.####.## #.#


You could see Terence and a giant cockroach.

Vanquished Creatures
  An adder (D:2)
  4 bats
  A giant cockroach (D:3)
  4 hobgoblins
  3 frilled lizards
  3 rats
16 creatures vanquished.

Notes
Turn   | Place    | Note
-------+----------+-------------------------------------------
     0 | D:1      | Duffy the Demonspawn Fire Elementalist began the quest for
                  | the Orb.
     0 | D:1      | Reached XP level 1. HP: 13/13 MP: 3/3
   234 | D:1      | Gained mutation: You have large cloven feet. [demonic
                  | ancestry]
   234 | D:1      | Reached XP level 2. HP: 19/19 MP: 1/5
   845 | D:3      | Noticed Terence
   857 | D:3      | Mangled by Terence

Vault maps used:
D:1:      dpeg_arrival_windows_large_door
D:2:      eat_drink_and_be_merry_uskayaw
D:3:      minmay_roachtagon, gammafunk_temple_overflow_forgotten, uniq_terence

Skill      XL: |  1 |
---------------+----+-----
Conjurations   | 2 |  2.5
Dodging        | |  1.7
Stealth        | |  1.7
Spellcasting   | |  2.1
Fire Magic     | |  2.8

Action                   || total
-------------------------++-------
 Cast: Flame Tongue      ||    29
Armor: Robe              ||     4
Dodge: Dodged            ||     9

Table legend:
 A = Non-vault XP
 B = Vault XP
 C = Vault XP percentage of total XP
 D = Non-vault monster count
 E = Vault monster count
 F = Vault count percentage of total count
                 A         B        C        D         E       F
            +---------+---------+-------+---------+---------+-------
      Total |      36 |       0 |   0.0 |      16 |       0 |   0.0
            +---------+---------+-------+---------+---------+-------
        D:1 |      12 |       0 |   0.0 |       7 |       0 |   0.0
        D:2 |      18 |       0 |   0.0 |       5 |       0 |   0.0
        D:3 |       6 |       0 |   0.0 |       4 |       0 |   0.0
            +---------+---------+-------+---------+---------+-------
